 Dungeon Crawl Stone Soup version 0.31-a0-799-g6bc09d010c (webtiles) character file.

Game seed: 6398771616212260672

2636 kae the Cleaver (level 9, -11/75 HPs)
             Began as a Hill Orc Fighter on Sept 19, 2023.
             Was a Follower of Qazlal.
             Mangled by a two-headed ogre
             ... wielding a +0 giant club
              (14 damage)
             ... on level 8 of the Dungeon.
             The game lasted 00:06:40 (6448 turns).

kae the Cleaver (Hill Orc Fighter)                  Turns: 6448, Time: 00:06:41

Health: -11/75     AC:  6    Str: 23    XL:     9   Next: 61%
Magic:  0/12       EV:  9    Int:  8    God:    Qazlal [*.....]
Gold:   468        SH:  7    Dex: 10    Spells: 8/8 levels left

rFire   . . .        a - +1 war axe
rCold   + . .        c - +1 buckler
rNeg    . . .        b - +0 scale mail
rPois   .            (no helmet)
rElec   .            (no cloak)
rCorr   .            (no gloves)
SInv    .            (no boots)
Will    .....        G - amulet of guardian spirit Stlth
                     C - ring of protection from cold
HPRegen 0.32/turn    (no ring)
MPRegen 0.13/turn

%: guardian spirit
@: no status effects
A: no striking features
a: Renounce Religion


You were on level 8 of the Dungeon.
You worshipped Qazlal.
Qazlal was aware of your devotion.
You visited 2 branches of the dungeon, and saw 9 of its levels.
You also visited: Ossuary.

You collected 469 gold pieces.
You spent 1 gold pieces at shops.


   Skills:
 + Level 6.2 Fighting
 + Level 14.7 Axes
 - Level 3.2 Armour
 - Level 3.2 Shields
 + Level 5.2 Invocations


You had 8 spell levels left.
You didn't know any spells.
Your spell library contained the following spells:

 Spells                   Type           Power      Damage    Failure   Level
 Apportation              Tloc           0%         N/A       78%         1
 Freeze                   Ice            0%         1d3       78%         1
 Necrotise                Necr           0%         1d4       78%         1
 Summon Small Mammal      Summ           0%         N/A       78%         1
 Frozen Ramparts          Ice            0%         1d1       98%         3
 Hailstorm                Conj/Ice       0%         3d3       98%         3

Inventory:

Hand Weapons
 a - a +1 war axe (weapon)
 p - a -3 executioner's axe {rare}
   (You bought it in a shop on level 4 of the Dungeon)
 t - the +7 hand axe of kae's Destruction {freeze, Drain rC+ Will+}
   (You found it on level 7 of the Dungeon)

   rC+:       It protects you from cold.
   Will+:     It increases your willpower.
   Drain:     It drains your maximum health when unequipped.
 B - a +0 battleaxe
   (You took it off a wight on level 6 of the Dungeon)
Missiles
 h - 56 stones
 k - a throwing net {=f!f}
 r - 11 poisoned darts
 H - 5 curare-tipped darts {=f}
Armour
 b - a +0 scale mail (worn)
 c - a +1 buckler (worn)
Magical Staves
 q - a staff of air {!a}
   (You took it off an orc on level 3 of the Dungeon)
Jewellery
 C - a ring of protection from cold (left hand)
   (You found it on level 4 of the Dungeon)
 G - an amulet of guardian spirit (around neck)
   (You found it on level 8 of the Dungeon)
Wands
 w - a wand of flame (16)
   (You took it off an orc on level 5 of the Dungeon)
 y - a wand of polymorph (7)
   (You found it on level 5 of the Dungeon)
Scrolls
 e - a scroll of immolation {!r!r}
 o - 3 scrolls of enchant armour
 v - 2 scrolls of identify {@r1}
 z - 2 scrolls of fear
 D - 2 scrolls of teleportation {@r4}
 E - a scroll of vulnerability {!r!r}
 I - a scroll of enchant weapon
Potions
 d - 2 potions of might
 f - 3 potions of mutation {!q}
 g - a potion of degeneration {!q}
 i - a potion of attraction {!q}
 j - 2 potions of lignification {!q}
 l - 2 potions of invisibility
 m - 2 potions of haste {@q3}
 n - 3 potions of brilliance
 s - 2 potions of curing {@q1}
 u - 4 potions of enlightenment
 x - a potion of heal wounds {@q2}
 F - 2 potions of magic

Dungeon Overview and Level Annotations

Branches:
Dungeon (8/15) Zot: 26786  Temple (1/1) D:6 Zot: 5978 Ossuary (visited)
   Lair: D:8-11

Altars:
Cheibriados
Dithmenos
Elyvilon
Fedhas
Gozag
Hepliaklqana
Kikubaaqudgha
Makhleb
Nemelex Xobeh
Okawaru
Qazlal
Ru
Sif Muna
Trog
Uskayaw
Vehumet
Wu Jian
Xom
Yredelemnul
Zin
The Shining One
Beogh

Shops:
D:4 *   D:6 :

Annotations:
D:7 3 runed translucent doors, AceOff's ghost, novice MiHu

..............#
#####†........##
##......[..#
#........#
#...†....##
#.........##
#..........##
##......##..##
##......###.@.#
# ##.....###
#.O...#
####.....##
#.........#
.##.....##
#......#...
......###
.......# ..
#....##
.....>.## .
##..## #......#.
#.## ..........
##..#


You could see a two-headed ogre.


Message History

😕 HP[+1] 😕 HP[+1] 😕 HP[+1] 😎 HP[+1]
Your hp is fully restored (75).
You hear the steady creaking of a very distant portcullis.
A steam dragon comes into view.
The steam dragon breathes steam at you.
The ball of steam hits you!! 😕 HP[-17] MP[-2]
You take 17 damage, and now have 58/75 hp.
MASSIVE DAMAGE!! (PAUSE)
You lost 2 mp, and now have 10/12 mp. 😕 HP[+1]
Press: ? - help, v - describe, . - travel The floor.
You block the steam dragon's attack. The steam dragon closely misses you.
You closely miss the steam dragon. The steam dragon bites you.
You block the steam dragon's attack. 😮 HP[-4]
You take 4 damage, and now have 55/75 hp.
You closely miss the steam dragon. The steam dragon bites you!
You block the steam dragon's attack. 😮 HP[-6] MP[-2]
You take 6 damage, and now have 49/75 hp.
You lost 2 mp, and now have 8/12 mp.
Unknown command.
You barely miss the steam dragon. The steam dragon bites you.
The steam dragon barely misses you. 😮 HP[-3] MP[-1]
You take 3 damage, and now have 46/75 hp.
You lost 1 mp, and now have 7/12 mp.
You closely miss the steam dragon.
You hit the steam dragon but do no damage.
The steam dragon breathes steam at you. The ball of steam hits you!!
* * * LOW HITPOINT WARNING * * *
😨 HP[-19] MP[-2]
You take 19 damage, and now have 27/75 hp.
MASSIVE DAMAGE!! (PAUSE)
You lost 2 mp, and now have 5/12 mp.
You slash the steam dragon!
The steam dragon bites you but does no damage.
You block the steam dragon's attack. 😨 MP[+1]
You slice the steam dragon!!
You kill the steam dragon!
Qazlal accepts your kill. 😨 HP[+1]
You see here a steam dragon corpse. 😨 HP[+1]
Found a stone staircase leading down. 😨 HP[+1]
A two-headed ogre comes into view.
It is wielding a +0 giant club and a +0 giant spiked club.
The two-headed ogre shouts in stereo! 😨 MP[+1]
Okay, then.
Aiming: Upheaval
Press: ? - help, Dir - move target, f - two-headed ogre
Aim: a two-headed ogre, wielding a +0 giant club and a +0 giant spiked club The ground shakes violently, spewing rubble!
The blast of rubble hits the two-headed ogre!!
You can no longer call upon nature to destroy your foes. 😨 HP[+1] MP[-3]
You lost 3 mp, and now have 4/12 mp.
Okay, then.
Unknown command.
Unknown command.
Aiming: Throw Flame
Press: ? - help, Shift-Dir - straight line, f/p - two-headed ogre
Aim: a two-headed ogre, wielding a +0 giant club and a +0 giant spiked club (moderately wounded, 85% to hit)
The puff of flame hits the two-headed ogre!
You hit the two-headed ogre but do no damage.
The two-headed ogre hits you with a +0 giant club.
* * * LOW HITPOINT WARNING * * *
The two-headed ogre hits you with a +0 giant spiked club!
* * * LOW HITPOINT WARNING * * *
😨 HP[-11] MP[-2]
You take 11 damage, and now have 20/75 hp.
You lost 2 mp, and now have 2/12 mp.
You hit the two-headed ogre but do no damage.
You barely miss the two-headed ogre.
The two-headed ogre hits you with a +0 giant club!!
* * * LOW HITPOINT WARNING * * *
The two-headed ogre closely misses you. 😱 HP[-18] MP[-2]
You take 18 damage, and now have 2/75 hp.
MASSIVE DAMAGE!! (PAUSE)
You lost 2 mp, and now have 0/12 mp.
You slash the two-headed ogre!
Unknown command.
You barely miss the two-headed ogre. The two-headed ogre closely misses you.
You block the two-headed ogre's attack. 😱 MP[+1] Unknown command.
You slash the two-headed ogre!
Unknown command.
You closely miss the two-headed ogre.
The two-headed ogre hits you with a +0 giant club!
You die...

Skill      XL: |  1  2  3  4  5  6  7  8  9 |
---------------+----------------------------+-----
Axes           | 3 5 7 8 10 11 14 | 14.7
Fighting       | 4 6 |  6.2
Invocations    | 2 5 |  5.2
Armour         | |  3.2
Shields        | |  3.2

Action                     |  1- 3 |  4- 6 |  7- 9 || total
---------------------------+-------+-------+-------++-------
  Melee: War axe           |    33 |   145 |   271 ||   449
 Invoke: Upheaval          |       |       |     1 ||     1
  Evoke: Wand              |       |       |     1 ||     1
    Use: Scroll            |       |    10 |    11 ||    21
         Potion            |       |       |     2 ||     2
 Armour: Scale mail        |    14 |    84 |   190 ||   288
  Dodge: Dodged            |     8 |    54 |    82 ||   144
  Block: Buckler           |     7 |    28 |    64 ||    99

Levels and vault maps discovered:
D:1:      minmay_arrival_arboretum_small, layout_basic
D:2:      layout_rooms
D:3:      cheibrodos_greedy_goblins, layout_basic,
          hellmonk_ecumenical_altar_blasted
D:4:      layout_cave_pods, mainiacjoe_overflow_24_doors,
          amethyst_overflow_temple_binary, minmay_shop_damaged, uniq_grinder,
          uniq_eustachio
D:5:      layout_basic, amcnicky_altar_gilded, mainiacjoe_overflow_chevrons,
          serial_bayou, serial_bayou_pond_c, serial_bayou_lagoon_a,
          serial_bayou_shore_b, serial_bayou_lake_a, serial_bayou_pond_a
D:6:      layout_gridville, nicolae_gozag_cash_rules_everything_around_me,
          minmay_temple_entry_overgrown, nicolae_shop_i_like_small_books_too
D:7:      layout_basic, mainiacjoe_overflow_six_doors_small,
          biasface_ghost_orc_armoury
D:8:      layout_cave_pods, enter_bailey_4, nicolae_ossuary_entry_monument
Temple:   nicolae_temple_ecumenical_triangle

Notes
Turn   | Place    | Note
-------+----------+-------------------------------------------
     0 | D:1      | kae the Hill Orc Fighter began the quest for the Orb.
     0 | D:1      | Reached XP level 1. HP: 19/19 MP: 1/1
     0 | D:1      | magus.rc [v1.11.3]
   101 | D:1      | Reached skill level 3 in Axes
   176 | D:1      | Reached XP level 2. HP: 26/26 MP: 2/2
   386 | D:1      | Reached skill level 4 in Axes
   663 | D:2      | Reached skill level 5 in Axes
   663 | D:2      | Reached XP level 3. HP: 28/31 MP: 3/3
   767 | D:2      | Reached XP level 4. HP: 27/39 MP: 4/4
   805 | D:2      | Reached skill level 6 in Axes
  1192 | D:3      | Found a faded altar of an unknown god.
  1602 | D:3      | Reached skill level 7 in Axes
  1602 | D:3      | Reached XP level 5. HP: 34/45 MP: 5/5
  1870 | D:3      | You pick up a book of Cantrips and begin reading...
  1870 | D:3      | You add the spells Necrotise, Summon Small Mammal and
                  | Apportation to your library.
  2296 | D:4      | Found Fyrywe's Lightly-Used Armoury.
  2306 | D:4      | Bought a -3 executioner's axe for 1 gold piece
  2306 | D:4      | p - a -3 executioner's axe {rare}
  2310 | D:4      | You pick up a book of Frost and begin reading...
  2310 | D:4      | You add the spells Freeze, Frozen Ramparts and Hailstorm to
                  | your library.
  2489 | D:4      | Noticed Eustachio
  2522 | D:4      | Killed Eustachio
  2523 | D:4      | Reached skill level 8 in Axes
  2523 | D:4      | Reached XP level 6. HP: 46/51 MP: 6/6
  2654 | D:4      | Found an ornate altar of the Wu Jian Council.
  2654 | D:4      | Found a glowing golden altar of the Shining One.
  2711 | D:4      | Found an ancient bone altar of Kikubaaqudgha.
  2736 | D:4      | Noticed Grinder
  2747 | D:4      | Paralysed by Grinder for 2 turns
  2752 | D:4      | HP: 12/51 [Grinder (8)]
  2755 | D:4      | Killed Grinder
  2756 | D:4      | Reached skill level 10 in Axes
  2756 | D:4      | Reached XP level 7. HP: 7/57 MP: 7/7
  3054 | D:5      | Entered Level 5 of the Dungeon
  3199 | D:5      | Found a hide-covered altar of Uskayaw.
  3351 | D:5      | Reached skill level 11 in Axes
  3699 | D:5      | Found a shimmering altar of Xom.
  3844 | D:5      | Reached XP level 8. HP: 48/64 MP: 8/8
  3987 | D:6      | Reached skill level 12 in Axes
  4200 | D:6      | Found Ixzeth's Tiny Tomes.
  4209 | D:6      | HP: 16/64 [steam dragon] (8)]
  4634 | D:6      | Reached skill level 13 in Axes
  4894 | D:6      | Found a staircase to the Ecumenical Temple.
  4921 | D:6      | Found an opulent altar of Gozag.
  5113 | Temple   | Entered the Ecumenical Temple
  5125 | Temple   | Became a worshipper of Qazlal Stormbringer
  5246 | D:7      | Noticed AceOff's ghost (novice MiHu)
  5303 | D:7      | HP: 11/66 [steam dragon/ball of steam (21)]
  5304 | D:7      | HP: 5/66 [steam dragon/ball of steam (6)]
  5308 | D:7      | Reached skill level 4 in Fighting
  5308 | D:7      | Reached skill level 2 in Invocations
  5311 | D:7      | Reached skill level 14 in Axes
  5311 | D:7      | Reached XP level 9. HP: 34/72 MP: 8/10
  5320 | D:7      | Identified the +7 hand axe of kae's Destruction {freeze,
                  | Drain rC+ Will+}
  5674 | D:7      | Found a basalt altar of Yredelemnul.
  5693 | D:7      | Reached skill level 3 in Invocations
  5810 | D:7      | Reached skill level 5 in Fighting
  5875 | D:7      | Found a runed translucent gate.
  5876 | D:7      | Found a runed translucent gate.
  5877 | D:7      | Found a runed translucent gate.
  6052 | D:7      | Found a roughly hewn altar of Beogh.
  6141 | D:8      | Reached skill level 4 in Invocations
  6143 | D:8      | Reached * piety under Qazlal
  6147 | D:8      | Found a sand-covered staircase.
  6168 | Ossuary  | Entered an ossuary
  6330 | D:8      | Reached ** piety under Qazlal
  6353 | D:8      | Reached skill level 6 in Fighting
  6353 | D:8      | Reached skill level 5 in Invocations
  6438 | D:8      | Noticed a two-headed ogre
  6444 | D:8      | HP: 2/75 [two-headed ogre/+0 giant club (19)]
  6448 | D:8      | Mangled by a two-headed ogre

Vanquished Creatures
  Grinder (D:4)
  A wyvern (D:8)
  Eustachio (D:4)
  3 steam dragons
  A water moccasin (D:5)
  An orc warrior (D:7)
  A black bear (D:6)
  An ice beast (D:7)
  An ogre (D:5)
  A phantom (D:6)
  A bullfrog (D:7)
  2 scorpions (D:5)
  2 water moccasin zombies (Ossuary)
  6 wights
  3 howler monkeys
  A hound (D:5)
  3 orc priests
  A jelly (D:2)
  A gnoll bouda (D:8)
  An iguana (D:6)
  An orc wizard (D:7)
  2 mummies (Ossuary)
  7 gnolls
  4 adders
  2 shadow imps
  3 white imps
  3 adder zombies (Ossuary)
  2 worms
  24 orcs
  3 bats
  7 endoplasms
  2 giant cockroaches
  5 gnoll zombies (Ossuary)
  9 hobgoblins
  7 kobolds
  A quokka (D:3)
  3 ball pythons
  4 frilled lizards
  9 goblins
  4 hobgoblin zombies (Ossuary)
  8 kobold zombies (Ossuary)
  3 orc zombies (Ossuary)
  5 rats
151 creatures vanquished.

Vanquished Creatures (others)
  An orc wizard (D:7)
1 creature vanquished.

Grand Total: 152 creatures vanquished

Table legend:
 A = Non-vault XP
 B = Vault XP
 C = Vault XP percentage of total XP
 D = Non-vault monster count
 E = Vault monster count
 F = Vault count percentage of total count
                 A         B        C        D         E       F
            +---------+---------+-------+---------+---------+-------
      Total |    3063 |     704 |  18.7 |     115 |      37 |  24.3
            +---------+---------+-------+---------+---------+-------
        D:1 |      19 |       0 |   0.0 |      12 |       0 |   0.0
        D:2 |     114 |       0 |   0.0 |      12 |       0 |   0.0
        D:3 |      87 |      16 |  15.5 |      18 |       8 |  30.8
        D:4 |      32 |     458 |  93.5 |      12 |       2 |  14.3
        D:5 |     578 |       0 |   0.0 |      15 |       0 |   0.0
        D:6 |     609 |       0 |   0.0 |      12 |       0 |   0.0
        D:7 |     819 |       0 |   0.0 |      23 |       0 |   0.0
        D:8 |     805 |       0 |   0.0 |      11 |       0 |   0.0
    Ossuary |       0 |     230 | 100.0 |       0 |      27 | 100.0
            +---------+---------+-------+---------+---------+-------

Skill      XL: |  1  2  3  4  5  6  7  8  9 |
---------------+----------------------------+-----
Axes           | 3 5 7 8 10 11 14 | 14.7
Fighting       | 4 6 |  6.2
Invocations    | 2 5 |  5.2
Armour         | |  3.2
Shields        | |  3.2

Action                     |  1- 3 |  4- 6 |  7- 9 || total
---------------------------+-------+-------+-------++-------
  Melee: War axe           |    33 |   145 |   271 ||   449
 Invoke: Upheaval          |       |       |     1 ||     1
  Evoke: Wand              |       |       |     1 ||     1
    Use: Scroll            |       |    10 |    11 ||    21
         Potion            |       |       |     2 ||     2
 Armour: Scale mail        |    14 |    84 |   190 ||   288
  Dodge: Dodged            |     8 |    54 |    82 ||   144
  Block: Buckler           |     7 |    28 |    64 ||    99

Illustrated notes

Table legend:
 A = Kills in this place as a percentage of kills in the entire game.
 B = Kills by you in this place as a percentage of kills by you in the entire game.
 C = Kills by friends in this place as a percentage of kills by friends in the entire game.
 D = Other kills in this place as a percentage of other kills in the entire game.
 E = Experience gained in this place as a percentage of experience gained in the entire game.
 F = Experience gained in this place divided by the number of levels of this place that you have seen.
                   A       B       C       D       E      F
               +-------+-------+-------+-------+-------+----------------------
         Total | 100.0 | 100.0 |   N/A | 100.0 | 100.0 | 376.7
       Dungeon |  82.2 |  82.1 |   N/A | 100.0 |  93.9 | 442.1
       Ossuary |  17.8 |  17.9 |   N/A |   0.0 |   6.1 | 230.0
               +-------+-------+-------+-------+-------+----------------------

Table legend: (Time is in decaauts)
 A = Elapsed time spent in this place.
 B = Non-inter-level travel time spent in this place.
 C = Inter-level travel time spent in this place.
 D = Time resting spent in this place.
 E = Time spent auto-exploring this place.
 F = Levels seen in this place.
 G = Mean time per level.
                   A        B        C        D        E       F      G
               +--------+--------+--------+--------+--------+-----+--------+
         Total |   6494 |   6292 |    202 |    511 |   4540 |  10 |  649.4 |
       Dungeon |   6335 |   6143 |    192 |    511 |   4540 |   8 |  791.9 |
        Temple |     21 |     12 |      9 |      0 |      0 |   1 |   21.0 |
       Ossuary |    137 |    137 |      0 |      0 |      0 |   1 |  137.0 |
               +--------+--------+--------+--------+--------+-----+--------+

Top non-repeatable levels by time:
     D:7: 1163 daAuts
     D:4: 1037 daAuts
     D:5: 950 daAuts
     D:6: 918 daAuts
     D:3: 884 daAuts
     D:1: 653 daAuts
     D:2: 513 daAuts
     D:8: 213 daAuts
 Ossuary: 137 daAuts
  Temple: 21 daAuts
